Map: Blackpink LE

Players

Juxtapose - Winner!

  • Race: Terran Terran
  • League: Gold
  • Spawn Location: 7:00

jose

  • Race: Protoss Protoss
  • Spawn Location: 1:00

VOD

https://youtu.be/SgetQp3yRHI

Description

I felt pretty comfortable with this Terran build, though my opponent seemed new as well.

Time

  • Played on: Nov. 26, 2017, 2:32 p.m.
  • Length: 7:16
Show
View Real Time Build Order
Export as new Build Order

Juxtapose Terran - Winner!

Build Orders:  

Get SALT Encoding   

  12  0:01  SCV  
  13  0:13  SCV  
  14  0:21  Supply Depot  
  14  0:25  SCV  
  15  0:42  SCV  
  16  0:45  Barracks  
  16  0:47  Supply Depot  
  16  0:54  SCV  
  17  1:05  Refinery  
  17  1:06  SCV  
  18  1:14  Refinery  
  18  1:19  SCV  
  19  1:31  SCV  
  20  1:36  Marine  
  21  1:44  Supply Depot  
  21  1:46  Orbital Command  
  21  2:01  Barracks Reactor  
  21  2:06  Factory  
  21  2:25  SCV  
  22  2:33  Bunker  
  22  2:36  Supply Depot  
  22  2:37  SCV  
  23  2:38  Marine x2  
  25  2:44  Engineering Bay  
  25  2:49  SCV  
  26  2:53  Factory Tech Lab  
  26  2:59  Marine x2  
  26  3:01  SCV  
  29  3:14  Cyclone  
  32  3:20  Terran Infantry Weapons Level 1  
  32  3:25  Starport  
  32  3:29  Supply Depot  
  32  3:30  Marine x2  
  34  3:46  Cyclone  
  34  3:48  Marine x2  
  39  4:03  Starport Reactor  
  39  4:06  Marine x2  
  41  4:10  Supply Depot  
  41  4:18  Cyclone  
  41  4:23  Marine x2  
  46  4:45  Marine x2, Barracks  
  48  4:48  Medivac x2  
  48  4:50  Cyclone  
  55  4:58  Supply Depot  
  55  5:06  Marine x2  
  57  5:17  Terran Infantry Armor Level 1  
  57  5:26  Marine x2  
  62  5:31  Siege Tank  
  62  5:45  Marine x3  
  65  6:04  Siege Tank  
  65  6:12  Marine x3  
  65  6:29  Marine  
  65  6:30  Marine x2  
  67  6:36  Siege Tank  
  70  6:47  Marine  
  70  6:49  Barracks Tech Lab  
Show
View Real Time Build Order
Export as new Build Order

jose Protoss 

Build Orders:  

Get SALT Encoding   

  12  0:02  Probe (Chrono Boost)  
  13  0:14  Probe (Chrono Boost)  
  14  0:24  Pylon  
  14  0:25  Probe  
  15  0:41  Pylon  
  16  0:42  Probe  
  16  0:51  Pylon  
  16  0:55  Probe  
  17  1:06  Assimilator  
  17  1:07  Probe (Chrono Boost)  
  17  1:08  Assimilator  
  19  1:19  Probe (Chrono Boost)  
  19  1:25  Probe (Chrono Boost)  
  20  1:32  Gateway  
  20  1:33  Gateway, Probe  
  21  1:51  Gateway  
  21  1:58  Forge  
  21  2:06  Gateway  
  21  2:10  Probe  
  23  2:22  Probe  
  23  2:28  Zealot x2  
  27  2:35  Probe  
  28  2:41  Pylon  
  28  2:47  Probe  
  29  2:55  Photon Cannon  
  29  2:59  Probe  
  29  3:05  Cybernetics Core  
  30  3:19  Protoss Shields Level 1  
  30  3:41  Photon Cannon  
  30  3:47  Photon Cannon  
  30  3:55  Shield Battery  
  30  4:09  Twilight Council  
  30  4:20  Nexus  
  30  4:24  Warp Gate  
  30  4:28  Zealot x2  
  34  4:50  Dark Shrine  
  34  4:58  Pylon  
  34  5:01  Pylon  
  34  5:14  Protoss Ground Weapons Level 1  
  34  5:18  Pylon  
  34  5:21  Pylon  
  34  5:33  Probe (Chrono Boost)  
  36  5:44  Probe (Chrono Boost)  
  36  5:48  Stalker x2  
  36  5:49  Stalker  
  25  6:46  Zealot  
  27  6:47  Zealot x3  
Tags
 
League
Gold
Matchup
PvT
Spawn Locations
Cross Positions
Add a new tag
Caveats
  • Supply blocks, unpowered buildings, or Contaminate may cause inaccurate times.
  • Supply counts are checked every 10 seconds.